[Event "98th Caplin Hastings Masters 2024-25"]
[Site "Hastings"]
[Date "2024.12.31"]
[Round "6.50"]
[White "Graham, Oliver"]
[Black "Kim, Nayoon B"]
[Result "0-1"]
[ECO "B72"]
[WhiteElo "1789"]
[BlackElo "1663"]
[Annotator "NA"]
[PlyCount "166"]
[EventDate "2024.12.23"]
[EventType "swiss"]
[EventCountry "ENG"]
[SourceTitle "playchess.com"]
[Source "ChessBase"]
[SourceQuality "1"]
[TimeControl "5400+30"]

1. e4 c5 2. Nc3 Nc6 3. Nf3 Nf6 4. d4 cxd4 5. Nxd4 d6 6. Be2 g6 7. Be3 Bg7 8. Qd2 Bd7 9. f3 a6 10. a3 b5 11. O-O Nxd4 12. Bxd4 O-O 13. Rad1 Bc6 14. Kh1 Qc7 15. Qe3 Qb7 16. Rfe1 a5 17. e5 dxe5 18. Bxe5 b4 19. axb4 axb4 20. Nb1 Rfc8 21. Qf2 Ng4 22. fxg4 Bxe5 23. b3 Bg7 24. Bc4 Rf8 25. Nd2 Qa7 26. Qe2 e5 27. Ne4 Bxe4 28. Qxe4 Rad8 29. Bd5 Qc5 30. Rf1 Qe7 31. Rd3 Rd7 32. Rdf3 Qd8 33. Bc4 Qc7 34. h3 Qb7 35. Qe1 Rc7 36. Qf2 e4 37. Rf4 Be5 38. g5 Bxf4 39. Qxf4 Re7 40. Re1 Rfe8 41. Re3 Qa7 42. h4 Qa1+ 43. Kh2 Qe5 44. Kg3 Kg7 45. Kg4 Qxf4+ 46. Kxf4 Re5 47. g4 R5e7 48. Kg3 Rd8 49. Kf4 Kf8 50. Re2 Rd1 51. Rxe4 Rxe4+ 52. Kxe4 Rd2 53. Bd3 Rh2 54. h5 gxh5 55. gxh5 Rxh5 56. Kf4 Kg7 57. Kg4 Rh1 58. Kf4 f6 59. gxf6+ Kxf6 60. Ke4 Rg1 61. Kd4 Rg4+ 62. Kc5 h5 63. Be2 Kf5 64. Bd3+ Kg5 65. Bf1 h4 66. Bh3 Rg3 67. Bd7 Rc3+ 68. Kxb4 Rxc2 69. Ka5 Rc7 70. Be6 Re7 71. Bc8 Rc7 72. Be6 Rc3 73. b4 Ra3+ 74. Kb6 Kf6 75. Bd5 Ke5 76. Bc6 Kd6 77. b5 h3 78. Kb7 h2 79. Kb6 Ra1 80. Kb7 h1=Q 81. Bxh1 Rxh1 82. Kb6 Rb1 83. Ka7 Rxb5 0-1